 Dungeon Crawl Stone Soup version 0.31.0-4-g52a2dc7128 (webtiles) character file.

Game seed: 11962637858688189463

11365 Gottschkopf the Fighter (level 11, -9/105 HPs)
             Began as a Minotaur Fighter on Jan 22, 2024.
             Was a High Priest of the Shining One.
             Mangled by a salamander
             ... wielding a +0 trident of flaming
              (11 damage)
             ... in a volcano.
             The game lasted 00:28:04 (7883 turns).

Gottschkopf the Fighter (Minotaur Fighter)          Turns: 7883, Time: 00:28:05

Health: -9/105     AC: 11    Str: 31    XL:     11   Next: 48%
Magic:  10/10      EV:  9    Int: 11    God:    the Shining One [*****.]
Gold:   444        SH: 14    Dex:  9    Spells: 10/10 levels left

rFire   + + .        Q - +7 long sword of Tiagea {venom, rF+ Str+2 Int+3}
rCold   + . .        R - +4 kite shield of the Farmer {rN+ Str+3 Int+3}
rNeg    + + +        x - +0 scale mail {rPois}
rPois   +            (helmet restricted)
rElec   .            (no cloak)
rCorr   .            t - +0 pair of gloves
SInv    .            o - +0 pair of boots
Will    .....        M - amulet of regeneration Stlth
                     G - ring of protection from cold
HPRegen 1.17/turn    K - ring of protection from fire
MPRegen 0.12/turn

%: no passive effects
@: mighty, glowing
A: horns 2, retaliatory headbutt
a: Renounce Religion, Divine Shield, Cleansing Flame, Summon Divine Warrior


You were in a volcano.
You worshipped the Shining One.
The Shining One was extremely pleased with you.
You visited 2 branches of the dungeon, and saw 10 of its levels.
You also visited: Ossuary and Volcano.

You collected 474 gold pieces.
You spent 30 gold pieces at shops.

Inventory:

Hand Weapons
 c - a +3 scimitar of flaming
 H - the +5 quarterstaff "Gadun" {speed, *Rage rF+ Will- Dex+6}
   (You found it on level 6 of the Dungeon)

   Dex+6:     It affects your dexterity (+6).
   rF+:       It protects you from fire.
   Will-:     It decreases your willpower.
   *Rage:     It berserks you when you make melee attacks (+20% chance).
 Q - the +7 long sword of Tiagea (weapon) {venom, rF+ Str+2 Int+3}
   (You found it on level 8 of the Dungeon)

   Str+2:     It affects your strength (+2).
   Int+3:     It affects your intelligence (+3).
   rF+:       It protects you from fire.
Missiles
 p - a throwing net (quivered)
Armour
 o - a +0 pair of boots (worn)
 t - a +0 pair of gloves (worn)
 x - a +0 scale mail of poison resistance (worn)
 R - the +4 kite shield of the Farmer (worn) {rN+ Str+3 Int+3}
   (You found it on level 8 of the Dungeon)

   Str+3:     It affects your strength (+3).
   Int+3:     It affects your intelligence (+3).
   rN+:       It protects you from negative energy.
Jewellery
 A - an amulet of faith
 G - a ring of protection from cold (left hand)
 K - a ring of protection from fire (right hand)
 M - an amulet of regeneration (around neck)
 N - a ring of protection from cold
Wands
 v - a wand of acid (2)
 I - a wand of flame (45)
 O - a wand of mindburst (30)
Scrolls
 h - 2 scrolls of torment {unknown}
 i - 5 scrolls of identify
 l - 9 scrolls of teleportation {unknown}
 n - 2 scrolls of blinking {unknown}
 q - a scroll of revelation {unknown}
 r - 2 scrolls of immolation {unknown}
 s - a scroll of enchant weapon {unknown}
 u - 2 scrolls of enchant armour {unknown}
 y - a scroll of vulnerability {unknown}
 B - a scroll of poison {unknown}
 E - a scroll of noise {unknown}
 L - a scroll of amnesia {unknown}
Potions
 a - 2 potions of heal wounds {unknown}
 b - a potion of berserk rage {unknown}
 d - 3 potions of might
 e - 2 potions of invisibility {unknown}
 j - 3 potions of brilliance {unknown}
 k - 2 potions of ambrosia {unknown}
 m - 4 potions of curing {unknown}
 w - a potion of mutation {unknown}
 z - 2 potions of degeneration
 C - 4 potions of lignification {unknown}
 D - 2 potions of cancellation {unknown}
 J - 2 potions of attraction {unknown}
 P - a potion of enlightenment {unknown}


   Skills:
 + Level 12.4 Fighting
 - Level 6.3(8.4) Short Blades
 * Level 9.5(10.4) Long Blades
 - Level 8.3 Staves
 + Level 9.5 Armour
 - Level 8.8 Shields


You had 10 spell levels left.
You didn't know any spells.
Your spell library contained the following spells:

 Spells                   Type           Power      Damage    Failure   Level
 Apportation              Tloc           0%         N/A       71%         1
 Necrotise                Necr           0%         1d4       71%         1
 Slow                     Hex            0%         N/A       71%         1
 Sting                    Conj/Alch      0%         1d3       71%         1
 Summon Small Mammal      Summ           0%         N/A       71%         1
 Confusing Touch          Hex            0%         N/A       97%         3
 Sigil of Binding         Hex            0%         N/A       97%         3
 Stone Arrow              Conj/Erth      0%         3d7       97%         3
 Vampiric Draining        Necr           0%         2d6       97%         3
 Animate Armour           Summ/Erth      0%         N/A       100%        4
 Brom's Barrelling Bould  Conj/Erth      0%         2d3       100%        4
 Fireball                 Conj/Fire      0%         3d3       100%        5
 Iskenderun's Battlesphe  Conj           0%         2d6       100%        5
 Conjure Ball Lightning   Conj/Air       0%         3x3d6     100%        6
 Orb of Destruction       Conj           0%         9d5       100%        7
 Lehudib's Crystal Spear  Conj/Erth      0%         10d2      100%        8


Dungeon Overview and Level Annotations

Branches:
Dungeon (9/15)             Temple (0/1) D:4            Lair (1/5) D:9
Ossuary (visited)         Volcano (1/1)
    Orc: D:9-12

Altars:
Ashenzari
Cheibriados
Kikubaaqudgha
Trog
Zin
The Shining One

Shops:
D:5 !*[=   D:6 [*(*

Annotations:
D:7 2 transporters, sanka's ghost, novice GrEE


Innate Abilities, Weirdness & Mutations

You have a pair of horns on your head.
You reflexively headbutt those who attack you in melee.


Message History

You slice the salamander mystic!!
The salamander mystic is almost dead.
The salamander mystic casts a spell at you.
The bolt of magma hits you! You partially resist.
* * * LOW HITPOINT WARNING * * *
You hit the salamander mystic.
The salamander mystic looks as sick as possible!
You headbutt the salamander mystic.
You kill the salamander mystic!
The fire bat bites you but does no damage.
The salamander hits you from afar with a +0 trident of flaming.
* * * LOW HITPOINT WARNING * * *
You are engulfed in flames.
You resist.
* * * LOW HITPOINT WARNING * * *
You closely miss the fire bat. The fire bat misses you.
The salamander hits you but does no damage.
You feel very mighty all of a sudden. The fire bat bites you.
* * * LOW HITPOINT WARNING * * *
You are engulfed in flames.
You resist.
* * * LOW HITPOINT WARNING * * *
You block the salamander's attack. x2
You barely miss the fire bat. You block the fire bat's attack.
You block the salamander's attack.
The hell knight mumbles some strange prayers to its god against you.
The bolt of fire hits the salamander.
The salamander completely resists.
The bolt of fire hits the fire bat.
The fire bat completely resists.
The bolt of fire hits you! You resist.
* * * LOW HITPOINT WARNING * * *
You slice the fire bat!!
The fire bat is poisoned.
The fire bat is almost dead.
The fire bat barely misses you. You furiously retaliate!
You headbutt the fire bat!
You kill the fire bat!
The salamander hits you from afar with a +0 trident of flaming.
* * * LOW HITPOINT WARNING * * *
You are engulfed in flames.
You resist.
* * * LOW HITPOINT WARNING * * *
The salamander hits you from afar with a +0 trident of flaming!
You die...

#### ### ##
##..##88# [≈)
#.##..## .≈!§
##.###.# ### .§.≈)
#.##.≈###8#.≈.≈.≈
##.8##.@∩NpNS.≈.§.
#.##8#####8#.≈.≈.≈
#.#####.#### .≈.≈!
##.##..#.## .§%≈
##..####.# ###
#### #.# ##### #.#
#...### ##.##
##....#
#8.8###.....##


You could see a hell knight (fast), 2 salamanders and a lava snake.

Vanquished Creatures
  A two-headed ogre (D:8)
  Erica (Lair:1)
  A salamander mystic (Volcano)
  A salamander (Volcano)
  2 komodo dragons (Lair:1)
  A troll (D:9)
  The ghost of HourglassMan the Covered, an amateur MiFi (D:4)
  2 hornets
  Sigmund (D:5)
  A wyvern (Lair:1)
  A wraith (D:9)
  8 fire bats (Volcano)
  A basilisk (Lair:1)
  10 yaks
  A steam dragon (D:8)
  7 water moccasins
  An orc warrior (D:8)
  5 black bears
  2 ice beasts
  3 sky beasts
  6 wolves (Lair:1)
  2 centaurs
  2 phantoms (D:5)
  2 elf zombies (Ossuary)
  3 bullfrogs
  2 scorpions (D:9)
  5 wights
  7 killer bees (D:7)
  2 bombardier beetles
  2 howler monkeys (D:7)
  3 lava snakes (Volcano)
  2 centaur zombies (Ossuary)
  The ghost of iamserjio the Sneak, a weakling VSDe (D:4)
  3 hounds
  3 human zombies (Ossuary)
  A jelly (D:5)
  4 orc priests
  6 iguanas
  A sleepcap (D:4)
  3 orc wizards
  6 hound zombies (Ossuary)
  2 mummies (Ossuary)
  7 gnolls
  7 adders
  A shadow imp (D:6)
  7 adder zombies (Ossuary)
  3 dart slugs
  2 ribbon worms (D:4)
  19 orcs
  5 endoplasms
  A giant cockroach (D:2)
  4 goblins
  6 hobgoblins
  3 quokkas
  9 ball pythons
  4 bats
  11 frilled lizards
  4 gnoll zombies (Ossuary)
  6 jackal zombies (Ossuary)
  8 kobolds
  2 kobold zombies (Ossuary)
  5 orc zombies (Ossuary)
  3 rats
236 creatures vanquished.

Notes
Turn   | Place    | Note
-------+----------+-------------------------------------------
     0 | D:1      | Gottschkopf the Minotaur Fighter began the quest for the
                  | Orb.
     0 | D:1      | Reached XP level 1. HP: 19/19 MP: 0/0
   120 | D:1      | Reached skill level 4 in Fighting
   149 | D:1      | Reached XP level 2. HP: 27/27 MP: 1/1
   258 | D:1      | Found a faded altar of an unknown god.
   266 | D:1      | Prayed at the altar of an unknown god.
   266 | D:1      | Became a worshipper of the Shining One
   266 | D:1      | Reached * piety under the Shining One
  1117 | D:2      | Reached XP level 3. HP: 31/34 MP: 2/2
  1408 | D:2      | Reached skill level 5 in Fighting
  1408 | D:2      | Reached skill level 5 in Shields
  1408 | D:2      | Reached XP level 4. HP: 34/42 MP: 3/3
  1826 | D:3      | Found a glowing silver altar of Zin.
  2387 | D:3      | Found a bloodstained altar of Trog.
  2517 | D:4      | Noticed a water moccasin
  2521 | D:4      | Killed a water moccasin
  2522 | D:4      | Reached XP level 5. HP: 41/50 MP: 4/4
  2674 | D:4      | Found a runed translucent gate.
  2674 | D:4      | Found a runed translucent gate.
  2675 | D:4      | Found a runed translucent gate.
  2701 | D:4      | Found a staircase to the Ecumenical Temple.
  2756 | D:4      | Reached XP level 6. HP: 56/57 MP: 5/5
  2759 | D:4      | Reached skill level 6 in Fighting
  3092 | D:4      | Noticed HourglassMan's ghost (amateur MiFi)
  3092 | D:4      | Noticed iamserjio's ghost (weakling VSDe)
  3271 | D:5      | Entered Level 5 of the Dungeon
  3287 | D:5      | Noticed Sigmund
  3325 | D:5      | Killed Sigmund
  3326 | D:5      | Reached XP level 7. HP: 47/64 MP: 2/6
  3414 | D:5      | Reached skill level 7 in Fighting
  3415 | D:5      | Found a broken altar of Ashenzari.
  3433 | D:5      | Found Puzorit's Distillery.
  3887 | D:5      | Found Rojomp's Armour Emporium.
  3919 | D:5      | Found Wyoxesky's General Store.
  3930 | D:5      | Found Yffeoteh's Jewellery Shoppe.
  3934 | D:5      | Bought a potion of degeneration for 10 gold pieces
  3934 | D:5      | Bought a scroll of identify for 20 gold pieces
  4069 | D:5      | Reached ** piety under the Shining One
  4078 | D:5      | Reached XP level 8. HP: 67/74 MP: 7/7
  4201 | D:6      | Reached skill level 5 in Short Blades
  4211 | D:6      | Found a sand-covered staircase.
  4224 | Ossuary  | Entered an ossuary
  4269 | Ossuary  | Reached skill level 8 in Fighting
  4297 | Ossuary  | Reached *** piety under the Shining One
  4381 | Ossuary  | Reached **** piety under the Shining One
  4657 | D:6      | Identified the +5 quarterstaff "Gadun" {speed, *Rage rF+
                  | Will- Dex+6}
  4687 | D:6      | Reached skill level 9 in Fighting
  4687 | D:6      | Reached skill level 1 in Staves
  4718 | D:6      | Found Elyce's Assorted Antiques.
  4720 | D:6      | Found Toenar's General Store.
  4720 | D:6      | Found Deuthey's Antique Weapon Shop.
  4723 | D:6      | Found Ceicit's Armour Shop.
  4853 | D:6      | Noticed a hornet
  4859 | D:6      | Killed a hornet
  4860 | D:6      | Reached XP level 9. HP: 64/83 MP: 8/8
  5397 | D:7      | Reached skill level 5 in Armour
  5402 | D:7      | Found a transporter.
  5407 | D:7      | Noticed a two-headed ogre
  5410 | D:7      | Noticed a two-headed ogre
  5443 | D:7      | Noticed sanka's ghost (novice GrEE)
  5448 | D:7      | Reached ***** piety under the Shining One
  5538 | D:7      | Reached skill level 5 in Staves
  5644 | D:7      | Identified the ring of Fefion {Ice Str+5 Int+4}
  5648 | D:7      | Found a transporter.
  5868 | D:7      | Reached skill level 10 in Fighting
  6433 | D:8      | Noticed a two-headed ogre
  6440 | D:8      | Killed a two-headed ogre
  6499 | D:8      | Reached XP level 10. HP: 92/94 MP: 9/9
  6598 | D:8      | Found an ancient bone altar of Kikubaaqudgha.
  6934 | D:8      | Identified the +7 long sword of Tiagea {venom, rF+ Str+2
                  | Int+3}
  6981 | D:8      | Identified the +4 kite shield of the Farmer {rN+ Str+3
                  | Int+3}
  6992 | D:8      | Found a snail-covered altar of Cheibriados.
  7111 | D:8      | Reached skill level 11 in Fighting
  7176 | D:9      | Found a staircase to the Lair.
  7296 | D:4      | Killed HourglassMan's ghost
  7296 | D:4      | Killed iamserjio's ghost
  7297 | D:4      | Reached skill level 5 in Long Blades
  7479 | Lair:1   | Entered Level 1 of the Lair of Beasts
  7532 | Lair:1   | Reached XP level 11. HP: 78/104 MP: 10/10
  7592 | Lair:1   | Noticed Erica
  7602 | Lair:1   | Killed Erica
  7603 | Lair:1   | Reached skill level 12 in Fighting
  7671 | Lair:1   | Found a dark tunnel.
  7681 | Volcano  | Entered a volcano
  7857 | Volcano  | Noticed a hell knight
  7861 | Volcano  | Noticed a salamander mystic
  7879 | Volcano  | Killed a salamander mystic
  7883 | Volcano  | HP: 2/105 [salamander/+0 trident of flaming (4)]
  7883 | Volcano  | Mangled by a salamander

Illustrated notes

Levels and vault maps discovered:
D:1:      eino_arrival_water_cross, layout_loops_corners,
          hellmonk_ecumenical_altar_zigzags,
          hangedman_abyss_or_decor_lesser_grid
D:2:      layout_basic
D:3:      layout_loops_corners, general_overflow_altar,
          nicolae_overflow_crystal_walls
D:4:      layout_basic, temple_pool_b, gammafunk_ghost_cemetery
D:5:      layout_basic, nicolae_overflow_hidden_temple, serial_shops,
          nicolae_shop_hallway_plus, shop, nicolae_shop_waterfront,
          nicolae_shop_competitors_out_of_business, minmay_misc_feat_alley,
          uniq_sigmund
D:6:      layout_basic, mainiacjoe_ossuary_entry_dusty_tomb,
          hangedman_decor_opposing, hangedman_decor_points,
          minmay_shop_grid_forest, chequers_serial_rivers_micro_a,
          minmay_lizard_king
D:7:      layout_basic, nzn_ghost_randoct
D:8:      layout_gridville, kennysheep_mini_moat,
          mainiacjoe_overflow_cross_hatched
D:9:      layout_irregular_city, dk_yredelemnul_ordeal,
          nemelex_spade_bored_becter, due_lair_maze_entry_diamond, orc_0_dummy
Lair:1:   layout_hall_layers, enter_volcano_1, lemuel_fruit_tree, uniq_erica
Volcano:  volcano_grotto [vgs_hot_hot_hot]

Skill      XL: |  1  2  3  4  5  6  7  8  9 10 11 |
---------------+----------------------------------+-----
Fighting       | 4 5 6 7 9 10 11 12 | 12.4
Shields        | 4 5 6 7 8 |  8.8
Short Blades   | 2 3 4 6 |  6.3
Staves         | 2 7 8 |  8.3
Armour         | 4 6 8 9 |  9.5
Long Blades    | 7 9 |  9.5

Action                     |  1- 3 |  4- 6 |  7- 9 | 10-12 || total
---------------------------+-------+-------+-------+-------++-------
  Melee: Long sword        |    15 |       |       |   178 ||   193
         Dagger            |    53 |   101 |   204 |       ||   358
         Headbutt          |     7 |    29 |    81 |    56 ||   173
         Quarterstaff      |       |       |    78 |    38 ||   116
 Invoke: Divine Shield     |       |     1 |       |       ||     1
    Use: Potion            |       |       |       |     1 ||     1
 Armour: Scale mail        |    36 |    53 |   159 |   156 ||   404
  Dodge: Dodged            |    21 |    34 |    94 |    68 ||   217
  Block: Buckler           |    12 |    22 |    34 |       ||    68
         Kite shield       |       |       |       |   180 ||   180
